 Dungeon Crawl Stone Soup version 0.23-a0-143-g1adec7b (webtiles) character file.

158 Amnesiac the Chiller (level 5, -12/35 HPs)
             Began as a Mummy Ice Elementalist on Sept 4, 2018.
             Shot with an arrow by a centaur (14 damage)
             ... on level 5 of the Dungeon.
             The game lasted 00:02:21 (1228 turns).

Amnesiac the Chiller (Mummy Ice Elementalist)       Turns: 1228, Time: 00:02:22

Health: -12/35     AC:  3    Str: 11    XL:     5   Next: 16%
Magic:  11/11      EV: 12    Int: 16    God:
Gold:   102        SH:  0    Dex: 12    Spells: 4/12 levels left

rFire    x . .     SeeInvis .   (no weapon)
rCold    + . .     Gourm    .   (no shield)
rNeg     + + +     Faith    .   a - +1 robe
rPois    ∞         Spirit   .   (no helmet)
rElec    .         Reflect  .   (no cloak)
rCorr    .         Harm     .   (no gloves)
MR       .....                  (no boots)
Stlth    ++........             (no amulet)
HPRegen  0.11/turn              (no ring)
MPRegen  0.12/turn              (no ring)

@: no status effects
A: no food or potions, fire vulnerability, cold resistance 1, negative energy
resistance 3, torment resistance, unbreathing
a: no special abilities


You were on level 5 of the Dungeon.
You were not hungry.

You visited 1 branch of the dungeon, and saw 6 of its levels.

You collected 102 gold pieces.

Inventory:

Armour
 a - a +1 robe (worn)
Wands
 f - a wand of enslavement (9)
Scrolls
 b - a scroll of amnesia {!r, unknown}
 c - a scroll of enchant weapon {!r}
 d - a scroll of remove curse {!r}


   Skills:
 - Level 1.5 Dodging
 - Level 1.5 Stealth
 + Level 4.2 Spellcasting
   Level 0.7 Conjurations
 * Level 4.3 Ice Magic


You had 4 spell levels left.
You knew the following spells:

 Your Spells              Type           Power        Failure   Level  Hunger
a - Freeze                Ice            ###.         2%          1    N/A
b - Ozocubu's Armour      Chrm/Ice       ##......     21%         3    N/A
c - Summon Ice Beast      Ice/Summ       ##......     56%         4    N/A

Your spell library contained the following spells:

 Spells                   Type           Power        Failure   Level  Hunger
 Throw Frost              Conj/Ice       ##....       9%          2    N/A
 Throw Icicle             Conj/Ice       ##......     50%         4    N/A

Dungeon Overview and Level Annotations

Branches:
Dungeon (6/15)
 Temple: D:4-7

Altars:
Yredelemnul


Innate Abilities, Weirdness & Mutations

You do not eat or drink.
Your flesh is vulnerable to fire.
You are immune to poison.
Your flesh is cold resistant. (rC+)
You are immune to negative energy. (rN+++)
You are immune to unholy pain and torment.
You can survive without breathing.


Message History

You freeze the iguana.
The iguana seems to slow down.
The iguana is severely wounded.
The iguana bites you!
Casting: Freeze (safe; 3% risk of failure)
Confirm with . or Enter, or press ? or * to list all spells.
Aiming: Freeze (safe; 3% risk of failure)
Press: ? - help, Shift-Dir - straight line, f/p - iguana
Aim: an iguana (severely wounded, slow)
You freeze the iguana.
The iguana is severely wounded.
The iguana bites you!
* * * LOW HITPOINT WARNING * * *
Casting: Freeze (safe; 3% risk of failure)
Confirm with . or Enter, or press ? or * to list all spells.
Aiming: Freeze (safe; 3% risk of failure)
Press: ? - help, Shift-Dir - straight line, f/p - iguana
Aim: an iguana (severely wounded, slow)
You freeze the iguana.
The iguana seems to slow down.
The iguana is almost dead.
Unknown command.
Casting: Freeze (safe; 3% risk of failure)
Confirm with . or Enter, or press ? or * to list all spells.
Aiming: Freeze (safe; 3% risk of failure)
Press: ? - help, Shift-Dir - straight line, f/p - iguana
Aim: an iguana (almost dead, slow)
You freeze the iguana.
The iguana is almost dead.
The iguana barely misses you.
Unknown command.
Casting: Freeze (safe; 3% risk of failure)
Confirm with . or Enter, or press ? or * to list all spells.
Aiming: Freeze (safe; 3% risk of failure)
Press: ? - help, Shift-Dir - straight line, f/p - iguana
Aim: an iguana (almost dead, slow)
You freeze the iguana.
You kill the iguana!
You have reached level 5!
You feel clever.
You start resting.
Magic restored.
You start resting.
Magic restored.
You start resting.
HP restored.
You now have 102 gold pieces (gained 12).
A centaur comes into view.
The centaur shouts!
The centaur wields a shortbow.
The centaur shoots an arrow.
The arrow hits you!
* * * LOW HITPOINT WARNING * * *
You see here an arrow.
Really read
g - a scroll labeled PEMIBB KIUMA AKIMM {!r}?
As you read the scroll labeled PEMIBB KIUMA AKIMM {!r}, it crumbles to dust.
The creatures around you are filled with an inner flame!
It was a scroll of immolation {!r}.
The centaur shoots an arrow.
The arrow hits you.
* * * LOW HITPOINT WARNING * * *
Really read
e - a scroll labeled PAELUMOG MAZY {!r}?
As you read the scroll labeled PAELUMOG MAZY {!r}, it crumbles to dust.
It is a scroll of enchant armour.
Your +0 robe glows green for a moment.
The centaur shoots an arrow.
The arrow hits you!
* * * LOW HITPOINT WARNING * * *
The centaur shoots an arrow.
The arrow hits you!
You die...

#..##.. #...+... #..##...
#..##...##########
######.<##.............
#....#..##...........c.
###.##.#..##.....$...!...
#...##.#..# #..........
#.####....# #.@........
#.# ###.># #..........
#.# #(.# #..........
#.######..# #..........
#.#.......# ###..........
#.#.####.## #............
#.#.####.####.####.######
#.#....#............#
#.####.###.###........


You could see a centaur (inner flame).

Vanquished Creatures
  A crimson imp (D:5)
  An iguana (D:5)
  2 worker ants (D:4)
  A gnoll (D:3)
  3 adders
  An ooze (D:2)
  A goblin (D:2)
  3 kobolds
  2 ball pythons (D:4)
  2 frilled lizards
17 creatures vanquished.

Notes
Turn   | Place    | Note
-------+----------+-------------------------------------------
     0 | D:1      | Amnesiac the Mummy Ice Elementalist began the quest for the
                  | Orb.
     0 | D:1      | Reached XP level 1. HP: 13/13 MP: 4/4
   107 | D:2      | Reached XP level 2. HP: 6/19 MP: 0/6
   393 | D:2      | Found a basalt altar of Yredelemnul.
   444 | D:3      | Reached XP level 3. HP: 6/24 MP: 2/7
   625 | D:3      | Learned a level 3 spell: Ozocubu's Armour
   849 | D:4      | Reached XP level 4. HP: 24/30 MP: 1/9
   855 | D:4      | Learned a level 4 spell: Summon Ice Beast
   949 | D:5      | Entered Level 5 of the Dungeon
  1015 | D:5      | Reached XP level 5. HP: 6/35 MP: 4/11
  1224 | D:5      | Noticed a centaur
  1228 | D:5      | Shot with an arrow by a centaur

Vault maps used:
D:1:      dpeg_arrival_fog
D:2:      overflow_temple_1_default, serial_corexii_hall,
          corexii_hall_statues_u, corexii_hall_statues_deadend,
          minmay_shallow_snake_nest
D:3:      first_ration
D:5:      minivault_26, trog_hazing_becter, uniq_blork_the_orc
D:6:      lemuel_round_altar, lemuel_round_altar, minmay_temple_entry_junction,
          serial_shops, shop, minivault_14, uniq_pikel, uniq_edmund

Skill      XL: |  1  2  3  4 |
---------------+-------------+-----
Spellcasting   | 3 4 |  4.2
Ice Magic      | 3 4 |  4.3
Dodging        | |  1.5
Stealth        | |  1.5
Conjurations   | |  0.7

Action                   |  1- 3 |  4- 6 || total
-------------------------+-------+-------++-------
Melee: Unarmed           |     5 |       ||     5
 Cast: Freeze            |    34 |    13 ||    47
  Use: Scroll            |     3 |     3 ||     6
Armor: Robe              |     4 |       ||     4
Dodge: Dodged            |    26 |     3 ||    29

Table legend:
 A = Non-vault XP
 B = Vault XP
 C = Vault XP percentage of total XP
 D = Non-vault monster count
 E = Vault monster count
 F = Vault count percentage of total count
                 A         B        C        D         E       F
            +---------+---------+-------+---------+---------+-------
      Total |     213 |      14 |   6.2 |      16 |       1 |   5.9
            +---------+---------+-------+---------+---------+-------
        D:2 |      12 |      14 |  53.8 |       4 |       1 |  20.0
        D:3 |      18 |       0 |   0.0 |       3 |       0 |   0.0
        D:4 |      96 |       0 |   0.0 |       6 |       0 |   0.0
        D:5 |      87 |       0 |   0.0 |       3 |       0 |   0.0
            +---------+---------+-------+---------+---------+-------
